 Dungeon Crawl Stone Soup version 0.31-a0-263-ge8cad7f256 (webtiles) character file.

Game seed: 15812639739859580296

82 Newt the Trooper (level 4, -1/37 HPs)
             Began as a Demonspawn Gladiator on July 14, 2023.
             Killed by divine providence
             ... invoked by an orc priest
              (12 damage)
             ... on level 3 of the Dungeon.
             The game lasted 00:01:44 (1685 turns).

Newt the Trooper (Demonspawn Gladiator)             Turns: 1685, Time: 00:01:44

Health: -1/37      AC:  4    Str: 14    XL:     4   Next: 21%
Magic:  4/4        EV: 12    Int: 12    God:
Gold:   124        SH:  0    Dex: 14    Spells: 3/3 levels left

rFire   . . .        a - +1 rapier
rCold   . . .        (no shield)
rNeg    . . .        b - +0 leather armour
rPois   .            c - +0 helmet
rElec   .            (no cloak)
rCorr   .            (no gloves)
SInv    .            (no boots)
Will    .....        (no amulet)
Stlth   +            (no ring)
HPRegen 0.26/turn    (no ring)
MPRegen 0.09/turn

%: no passive effects
@: no status effects
A: demonic magic 1
a: no special abilities


You were on level 3 of the Dungeon.
You visited 1 branch of the dungeon, and saw 3 of its levels.

You collected 124 gold pieces.

Inventory:

Hand Weapons
 a - a +1 rapier (weapon)
Missiles
 d - 3 throwing nets (quivered)
 e - a javelin
Armour
 b - a +0 leather armour (worn)
 c - a +0 helmet (worn)
Potions
 f - 2 potions of resistance
 g - a potion of cancellation {unknown}
 j - 2 potions of degeneration {unknown}


   Skills:
 - Level 4.0 Fighting
 + Level 3.3 Short Blades
 - Level 1.7 Throwing
 - Level 2.6 Dodging


You had 3 spell levels left.
You didn't know any spells.
Your spell library contained the following spells:

 Spells                   Type           Power      Damage    Failure   Level
 Dazzling Flash           Conj/Hex       0%         N/A       77%         3
 Volatile Blastmotes      Fire/Tloc      0%         2d10      77%         3
 Conjure Ball Lightning   Conj/Air       0%         3x3d6     100%        6
 Starburst                Conj/Fire      0%         6d3       100%        6
 Discord                  Hex            0%         N/A       100%        8
 Disjunction              Tloc           0%         N/A       100%        8
 Maxwell's Capacitive Co  Air            0%         ∞         100%        8


Dungeon Overview and Level Annotations

Branches:
Dungeon (3/15)

Altars:


Innate Abilities, Weirdness & Mutations

Spells you cast may paralyse adjacent enemies.


Message History

The adder is moderately wounded.
The adder bites you.
You hit the adder.
The adder is heavily wounded.
The adder bites you. The adder bites you but does no damage.
You hit the adder.
The adder is severely wounded.
The adder bites you.
You hit the adder.
The adder is almost dead.
The adder closely misses you.
You hit the adder.
You kill the adder!
No target in view!
No target in view!
You feel your willpower return.
HP restored.
You see here an adder corpse.
You pick up a book of Chaos and begin reading...
You add the spells Conjure Ball Lightning, Disjunction and Discord to your library.
No target in view!
Okay, then.
An orc priest comes into view. It is wielding a +0 club.
The orc priest shouts!
The orc priest calls down the wrath of Beogh upon you.
Beogh smites you!
An orc priest is nearby!
An orc priest is nearby!
You start to feel less resistant.
An orc comes into view. It is wielding a +0 flail.
The orc shouts!
The orc priest looks satisfied for a moment.
Your resistance to elements expires.
The orc priest calls down the wrath of Beogh upon you.
Beogh smites you!
* * * LOW HITPOINT WARNING * * *
There is a stone staircase leading up here.
The orc priest mumbles some strange prayers to Beogh against you.
Beogh smites you!
You die...

##############..
######@......o.o.....
#............######.#
#.####.#####.# #.#
#.# #.# #.# #.# #.#
#.# #†# #.# #.# #.##
#.# #.# #..# #.# #.#
##.# #.#


You could see an orc priest.

Vanquished Creatures
  2 adders
  2 worms (D:2)
  A dart slug (D:1)
  7 endoplasms
  4 giant cockroaches
  5 goblins
  6 hobgoblins
  2 jackals (D:2)
  A quokka (D:2)
  6 ball pythons
  2 bats
  5 kobolds
  9 rats
52 creatures vanquished.

Notes
Turn   | Place    | Note
-------+----------+-------------------------------------------
     0 | D:1      | Newt the Demonspawn Gladiator began the quest for the Orb.
     0 | D:1      | Reached XP level 1. HP: 16/16 MP: 1/1
   200 | D:1      | Gained mutation: Spells you cast may paralyse adjacent
                  | enemies. [demonic ancestry]
   200 | D:1      | Reached XP level 2. HP: 14/23 MP: 2/2
   336 | D:1      | Reached skill level 3 in Fighting
   623 | D:1      | Reached XP level 3. HP: 28/29 MP: 3/3
  1094 | D:2      | Reached skill level 4 in Fighting
  1404 | D:2      | Reached XP level 4. HP: 37/37 MP: 4/4
  1685 | D:3      | Killed from afar by an orc priest

Illustrated notes

Levels and vault maps discovered:
D:1:      scummos_arrival_hexagon, layout_loops_cross
D:2:      layout_basic, amcnicky_mini_rare_corridor_liquid, feat_on_display
D:3:      layout_loops_ring, dreamdust_ecumenical_altar_drowned_temple

Skill      XL: |  1  2  3 |
---------------+----------+-----
Fighting       | 3 4 |  4.0
Short Blades   | 3 |  3.3
Throwing       | |  1.7
Dodging        | |  2.6

Action                     |  1- 3 |  4- 6 || total
---------------------------+-------+-------++-------
  Melee: Rapier            |   178 |    18 ||   196
         Punch             |     1 |       ||     1
    Use: Scroll            |     2 |     1 ||     3
         Potion            |       |     1 ||     1
   Stab: Sleeping          |       |     1 ||     1
 Armour: Leather armour    |    56 |     3 ||    59
  Dodge: Dodged            |    94 |    10 ||   104

Table legend: (Time is in decaauts)
 A = Elapsed time spent in this place.
 B = Non-inter-level travel time spent in this place.
 C = Inter-level travel time spent in this place.
 D = Time resting spent in this place.
 E = Time spent auto-exploring this place.
 F = Levels seen in this place.
 G = Mean time per level.
                   A        B        C        D        E       F      G
               +--------+--------+--------+--------+--------+-----+--------+
         Total |   1698 |   1680 |     18 |    119 |   1187 |   3 |  566.0 |
       Dungeon |   1698 |   1680 |     18 |    119 |   1187 |   3 |  566.0 |
               +--------+--------+--------+--------+--------+-----+--------+

Top non-repeatable levels by time:
     D:1: 846 daAuts
     D:2: 784 daAuts
     D:3: 67 daAuts
